 Dungeon Crawl Stone Soup version 0.29.1-15-g9cfb28693d (webtiles) character file.

Game seed: 10558690037475488752

2027 Wiggles the Cleaver (level 9, -4/70 HPs)
             Began as a Minotaur Berserker on Mar 31, 2023.
             Was an Elder of Trog.
             Killed by nerve-wracking pain
             ... invoked by an orc priest
              (12 damage)
             ... on level 6 of the Dungeon.
             The game lasted 00:12:12 (6216 turns).

Wiggles the Cleaver (Minotaur Berserker)            Turns: 6216, Time: 00:12:13

Health: -4/70      AC: 16    Str: 25    XL:     9   Next: 3%
Magic:  8/8        EV:  8    Int:  4    God:    Trog [****..]
Gold:   218        SH:  0    Dex: 11    Spells: 8/8 levels left

rFire   . . .      SeeInvis .   F - +0 war axe
rCold   . . .      Faith    .   (no shield)
rNeg    . . .      Spirit   .   h - +0 chain mail
rPois   .          Reflect  .   (helmet restricted)
rElec   .          Harm     .   A - +0 cloak
rCorr   .          Rampage  .   o - +0 pair of gloves
Will    .....                   y - +0 pair of boots
Stlth   ..........              j - amulet of the acrobat
HPRegen 0.21/turn               v - +4 ring of protection
MPRegen 0.11/turn               (no ring)

@: no status effects
A: horns 2, retaliatory headbutt
a: Renounce Religion, Berserk, Trog's Hand, Brothers in Arms


You were on level 6 of the Dungeon.
You worshipped Trog.
Trog was greatly pleased with you.
You visited 1 branch of the dungeon, and saw 6 of its levels.

You collected 268 gold pieces.
You spent 50 gold pieces at shops.

Inventory:

Hand Weapons
 F - a +0 war axe (weapon)
Missiles
 u - 3 poisoned darts (quivered)
Armour
 h - a +0 chain mail (worn)
 o - a +0 pair of gloves (worn)
 y - a +0 pair of boots (worn)
 A - a +0 cloak (worn)
Jewellery
 j - an amulet of the acrobat (around neck)
 k - a +4 ring of slaying
 t - a ring of protection from fire
 v - a +4 ring of protection (left hand)
Wands
 q - a wand of flame (17)
Scrolls
 b - a scroll of acquirement {unknown}
 c - 7 scrolls of identify {unknown}
 d - 3 scrolls of blinking {unknown}
 e - 2 scrolls of butterflies {unknown}
 f - 2 scrolls of amnesia {unknown}
 m - a scroll of magic mapping {unknown}
 n - 4 scrolls of immolation {unknown}
 r - 3 scrolls of fear {unknown}
 s - a scroll of brand weapon {unknown}
 w - 3 scrolls of vulnerability {unknown}
 z - a scroll of noise {unknown}
 C - a scroll of enchant armour {unknown}
 D - a scroll of torment {unknown}
Potions
 g - a potion of might {unknown}
 i - 2 potions of heal wounds
 l - 2 potions of curing {unknown}
 p - 2 potions of ambrosia {unknown}
 x - a potion of lignification {unknown}
 B - a potion of attraction {unknown}
 E - a potion of mutation {unknown}


   Skills:
 - Level 3.6 Fighting
 + Level 12.2 Axes
 + Level 6.0 Throwing
 - Level 2.4 Armour
 - Level 2.1 Dodging
 + Level 1.3 Stealth


You had 8 spell levels left.
You didn't know any spells.
Your spell library was empty.

Dungeon Overview and Level Annotations

Branches:
Dungeon (6/15)             Temple (0/1) D:4

Altars:
Cheibriados
Dithmenos
Gozag
Makhleb
Nemelex Xobeh
Sif Muna
Trog
Vehumet

Shops:
D:3 !


Innate Abilities, Weirdness & Mutations

You have a pair of horns on your head.
You reflexively headbutt those who attack you in melee.


Message History

An orc comes into view. It is wielding a +0 flail.
The orc shouts!
An orc priest comes into view. It is wielding a +0 flail.
Your two-headed ogre hits the orc wizard with a +0 giant spiked club!!
The orc wizard dies!
Trog accepts your kill.
Trog appreciates your killing of a magic user.
You hear two shouts!
You recover from your berserk rage.
Things that are here:
a +0 whip; 5 stones
Things that are here:
a +0 dagger; a howler monkey corpse You start resting.
Your two-headed ogre is no longer berserk.
An orc priest is nearby!
You start resting.
An orc priest is nearby!
Something barely misses your two-headed ogre.
Something hits your two-headed ogre.
A magic dart appears from out of thin air!
The magic dart hits your two-headed ogre!
You swap places.
Something hits you but does no damage.
You barely miss something.
Your two-headed ogre disappears in a puff of smoke!
Something hits you.
* * * LOW HITPOINT WARNING * * *
You slash something! Trog accepts your kill.
Trog appreciates your killing of a magic user.
Reactivating autopickup.
You feel a bit more experienced.
You closely miss the orc priest.
The orc priest hits you with a +0 flail.
* * * LOW HITPOINT WARNING * * *
You slash the orc priest! You headbutt the orc priest!
The orc priest is almost dead.
The orc priest mumbles some strange prayers to Beogh against you.
Pain shoots through your body!
You die...

#........#.#####
............>..#
#........#.#.#.#
#........#.#.#.#
#........#.#.#.########
#........))............
#..§....)))).#o########
#._.....)....#o#
#......))....#@#
###§§..........#.#
.............Oo#.#
.............o.#.# #
#............#.# #
#.......>....#.# #
#............#.### #
#................# #
#............#.###


You could see an orc priest and an orc.

Vanquished Creatures
  Grinder (D:4)
  A water moccasin (D:4)
  An ogre (D:5)
  A lemure (D:6)
  A kobold brigand (D:6)
  A necrophage (D:6)
  A scorpion (D:5)
  5 wights (D:6)
  A howler monkey (D:6)
  A hound (D:4)
  An orc priest (D:4)
  A jelly (D:5)
  Jessica (D:2)
  8 iguanas
  2 orc wizards (D:6)
  10 gnolls
  6 adders
  2 white imps (D:4)
  3 worms
  3 dart slugs
  13 orcs
  11 ball pythons
  5 bats
  9 endoplasms
  3 giant cockroaches
  7 goblins
  9 hobgoblins
  5 jackals
  16 kobolds
  4 quokkas
  7 frilled lizards
  7 rats
147 creatures vanquished.

Vanquished Creatures (collateral kills)
  Pikel (D:6)
  A lemure (D:6)
  An orc wizard (D:6)
3 creatures vanquished.

Vanquished Creatures (others)
  A plant (D:3)
1 creature vanquished.

Grand Total: 151 creatures vanquished

Notes
Turn   | Place    | Note
-------+----------+-------------------------------------------
     0 | D:1      | Wiggles the Minotaur Berserker began the quest for the Orb.
     0 | D:1      | Reached XP level 1. HP: 19/19 MP: 0/0
    48 | D:1      | Reached skill level 4 in Axes
   114 | D:1      | Reached XP level 2. HP: 25/26 MP: 1/1
   724 | D:1      | Reached ** piety under Trog
   725 | D:1      | Reached XP level 3. HP: 31/31 MP: 2/2
   798 | D:2      | Reached skill level 5 in Axes
  1204 | D:2      | Found a radiant altar of Vehumet.
  1415 | D:2      | Reached skill level 1 in Throwing
  1415 | D:2      | Reached XP level 4. HP: 12/39 MP: 3/3
  1702 | D:2      | Noticed Jessica
  1708 | D:2      | Killed Jessica
  1709 | D:2      | Reached skill level 6 in Axes
  1839 | D:2      | Reached XP level 5. HP: 43/45 MP: 4/4
  2084 | D:3      | Found Zadghyluj's Distillery.
  2094 | D:3      | Bought a potion of heal wounds for 50 gold pieces
  2368 | D:3      | Found a faded altar of an unknown god.
  2540 | D:3      | Found a snail-covered altar of Cheibriados.
  2540 | D:3      | Found a burning altar of Makhleb.
  2540 | D:3      | Found a sparkling altar of Nemelex Xobeh.
  2540 | D:3      | Found a bloodstained altar of Trog.
  2549 | D:3      | Found an opulent altar of Gozag.
  2555 | D:3      | Found a shimmering blue altar of Sif Muna.
  2751 | D:3      | Reached *** piety under Trog
  3371 | D:4      | Noticed a water moccasin
  3385 | D:4      | Killed a water moccasin
  3386 | D:4      | Reached skill level 7 in Axes
  3386 | D:4      | Reached XP level 6. HP: 51/51 MP: 5/5
  3728 | D:4      | Reached skill level 8 in Axes
  3932 | D:4      | Reached XP level 7. HP: 51/57 MP: 6/6
  3970 | D:4      | Found a staircase to the Ecumenical Temple.
  4451 | D:4      | Noticed Grinder
  4457 | D:4      | Paralysed by Grinder for 3 turns
  4499 | D:4      | Paralysed by Grinder for 3 turns
  4503 | D:4      | Killed Grinder
  4791 | D:5      | Entered Level 5 of the Dungeon
  4798 | D:5      | Reached skill level 9 in Axes
  5403 | D:5      | Reached skill level 5 in Throwing
  5954 | D:6      | Reached XP level 8. HP: 64/64 MP: 7/7
  5955 | D:6      | Reached skill level 10 in Axes
  5955 | D:6      | Reached skill level 1 in Stealth
  5960 | D:6      | Reached **** piety under Trog
  6159 | D:6      | Reached skill level 11 in Axes
  6159 | D:6      | Found a shadowy altar of Dithmenos.
  6165 | D:6      | Noticed Pikel
  6176 | D:6      | Killed Pikel
  6177 | D:6      | Reached skill level 12 in Axes
  6177 | D:6      | Reached XP level 9. HP: 9/70 MP: 8/8
  6216 | D:6      | Killed from afar by an orc priest

Illustrated notes

Levels and vault maps discovered:
D:1:      ebering_trefoil_3fold, layout_basic
D:2:      layout_loops_cross, basic_altar, grunt_ministairs_9,
          minmay_quadrilaterals, uniq_jessica
D:3:      layout_loops_ring, minmay_overflow_temple_hex, serial_shops,
          nicolae_shop_hallway_plus, shapermc_ecumenical_altar_gd, minmay_cupped
D:4:      minmay_bubble_buster, layout_layer_cave, minmay_temple_entry_wispy,
          uniq_grinder
D:5:      layout_loops_corners, chequers_hall_statues_y
D:6:      layout_basic, grunt_dithmenos_smoke, uniq_pikel

Skill      XL: |  1  2  3  4  5  6  7  8 |
---------------+-------------------------+-----
Axes           | 4 5 6 7 8 9 12 | 12.2
Throwing       | 1 3 5 6 |  6.0
Stealth        | 1 |  1.3
Fighting       | |  3.6
Armour         | |  2.4
Dodging        | |  2.1

Action                   |  1- 3 |  4- 6 |  7- 9 || total
-------------------------+-------+-------+-------++-------
Melee: Hand axe          |    90 |   153 |    87 ||   330
       Headbutt          |     8 |    21 |    25 ||    54
       Punch             |       |       |     4 ||     4
       War axe           |       |       |    41 ||    41
Throw: Dart              |    20 |    30 |     4 ||    54
       Throwing net      |       |     2 |     1 ||     3
Invok: Berserk           |       |     3 |     5 ||     8
       Brothers in Arms  |       |       |     1 ||     1
Armor: Animal skin       |     4 |       |       ||     4
       Scale mail        |    22 |       |       ||    22
       Chain mail        |     6 |    70 |    91 ||   167
Dodge: Dodged            |    46 |    79 |    62 ||   187
